 Dungeon Crawl Stone Soup version 0.26.0-8-g74fc34ddfb (webtiles) character file.

Game seed: 16485445396026561131

10706 Delamore the Basher (level 11, 0/69 HPs)
             Began as a Gargoyle Fighter on Jan 12, 2021.
             Was an Elder of Okawaru.
             Killed from afar by an ice statue (25 damage)
             ... with a shard of ice
             ... in an ice cave.
             The game lasted 00:13:16 (13015 turns).

Delamore the Basher (Gargoyle Fighter)             Turns: 13015, Time: 00:13:17

Health: 0/69       AC: 19    Str: 30    XL:     11   Next: 66%
Magic:  14/14      EV:  8    Int:  8    God:    Okawaru [****..]
Gold:   599        SH: 15    Dex:  9    Spells: 10/10 levels left

rFire    + . .     SeeInvis .   t - +1 whip (venom)
rCold    . . .     Faith    .   c - +0 kite shield
rNeg     + . .     Spirit   .   b - +0 scale mail
rPois    ∞         Reflect  +   F - +0 helmet
rElec    +         Harm     .   (no cloak)
rCorr    .         Rampage  .   (no gloves)
Will     .....                  y - +2 pair of boots
Stlth    ..........             I - amulet of reflection
HPRegen  0.21/turn              B - ring of protection from fire
MPRegen  0.14/turn              K - +6 ring of strength

@: mighty
A: negative energy resistance 1, electricity resistance, unbreathing,
petrification resistance, miasma immunity, AC +8
a: Renounce Religion, Heroism


You were in an ice cave.
You worshipped Okawaru.
Okawaru was greatly pleased with you.
You visited 2 branches of the dungeon, and saw 12 of its levels.
You also visited: Sewer and Ice Cave.

You collected 599 gold pieces.

Inventory:

Hand Weapons
 t - a +1 whip of venom (weapon)
Missiles
 m - 59 poisoned darts (quivered)
 v - 8 javelins
Armour
 b - a +0 scale mail (worn)
 c - a +0 kite shield (worn)
 y - a +2 pair of boots (worn)
 F - a +0 helmet (worn)
Jewellery
 a - a cursed amulet of inaccuracy {unknown}
 o - an uncursed ring of flight
 B - a ring of protection from fire (left hand)
 I - an amulet of reflection (around neck)
 K - a +6 ring of strength (right hand)
Wands
 z - a wand of random effects (34)
 A - a wand of paralysis (7)
 C - a wand of iceblast (18)
 D - a wand of flame (16)
Scrolls
 e - 5 scrolls of teleportation
 h - 5 scrolls of identify
 i - 11 scrolls of remove curse
 k - 3 scrolls of enchant armour
 q - 2 scrolls of magic mapping
 r - 3 scrolls of blinking
 s - 2 scrolls of fear
 w - a scroll of fog
 x - 2 scrolls of immolation
 E - 2 scrolls of amnesia {unknown}
 G - a scroll of brand weapon
 H - a scroll of enchant weapon
 J - 3 scrolls of torment {unknown}
Potions
 d - a potion of might
 f - 4 potions of curing
 g - a potion of cancellation {unknown}
 j - a potion of resistance
 l - a potion of ambrosia {unknown}
 n - a potion of heal wounds
 p - 4 potions of brilliance {unknown}
 u - 2 potions of flight {unknown}
 L - a potion of degeneration {unknown}


   Skills:
 + Level 8.9 Fighting
 - Level 14.0 Maces & Flails
 - Level 5.0 Throwing
 - Level 3.2 Armour
 - Level 5.0 Shields
 - Level 5.0 Invocations


You had 10 spell levels left.
You didn't know any spells.
Your spell library was empty.

Dungeon Overview and Level Annotations

Branches:
Dungeon (11/15)            Temple (1/1) D:6            Lair (0/6) D:10
  Sewer (visited)           IceCv (1/1)
    Orc: D:9-12

Altars:
Ashenzari
Cheibriados
Dithmenos
Elyvilon
Fedhas
Gozag
Hepliaklqana
Kikubaaqudgha
Makhleb
Nemelex Xobeh
Okawaru
Qazlal
Ru
Sif Muna
Trog
Uskayaw
Vehumet
Wu Jian
Xom
Yredelemnul
Zin
The Shining One
Beogh

Shops:
D:11 [

Annotations:
D:3 3 runed translucent doors, mojasp's ghost, amateur OpDe IceCv exclusion: ice statue


Innate Abilities, Weirdness & Mutations

You are resistant to torment.
Your stone body is resilient. (AC +8)
You are immune to poison.
You resist negative energy. (rN+)
You are resistant to electric shocks. (rElec)
You can survive without breathing.
You are immune to petrification.
You are immune to miasma.


Message History

The ice statue is lightly damaged.
You block the wolf's attack.
You hit the ice statue.
The ice statue is lightly damaged.
The ice statue gestures.
The wolf bites you.
You hit the ice statue but do no damage.
The ice statue is lightly damaged.
You block the wolf's attack.
You hit the ice statue but do no damage.
The ice statue is lightly damaged.
You block the wolf's attack.
You hit the ice statue.
The ice statue is lightly damaged.
You block the wolf's attack.
You feel very mighty all of a sudden. You block the wolf's attack.
The ice statue gestures at you. The shard of ice hits you!!
You die...

##########
###...##...######
###...##☼☼.##...#..
#.@h.##########..#
#..8Y.## #..###
#.....## ###..#
####... ###. ##..
## ###. #


You could see an ice statue, an ice beast (summoned) and a wolf.

Vanquished Creatures
  Erica (D:8)
  Pikel (D:5)
  Joseph (D:9)
  2 rime drakes (D:11)
  A komodo dragon (D:10)
  A troll (D:8)
  11 polar bears (IceCv)
  A hornet (D:7)
  Sigmund (D:4)
  A wraith (D:11)
  4 yaks (IceCv)
  2 sky beasts (D:9)
  6 ogres
  2 orc warriors
  An ice beast (D:5)
  A necrophage (D:8)
  16 wolves (IceCv)
  3 centaurs
  A lemure (D:5)
  Blork the orc (D:6)
  3 big kobolds
  7 bullfrogs
  4 scorpions
  4 howler monkeys
  A centaur zombie (D:5)
  2 bullfrog zombies
  A jelly (D:6)
  6 orc wizards
  A bullfrog skeleton (D:10)
  4 orc priests
  4 hounds
  A centaur skeleton (D:7)
  A gnoll shaman (D:5)
  3 iguanas
  5 worker ants
  2 hound zombies (D:6)
  10 adders
  7 gnolls
  3 shadow imps
  2 ufetubi
  An ooze (D:4)
  2 adder zombies
  A worm (D:2)
  3 dart slugs
  6 leopard geckos
  34 orcs
  4 giant cockroaches
  13 goblins
  9 hobgoblins
  8 jackals
  25 kobolds
  4 quokkas
  7 ball pythons
  5 bats
  12 frilled lizards
  2 leopard gecko skeletons
  2 quokka zombies (D:5)
  6 rats
273 creatures vanquished.

Vanquished Creatures (others)
  4 fungi (D:10)
  8 plants
12 creatures vanquished.

Grand Total: 285 creatures vanquished

Notes
Turn   | Place    | Note
-------+----------+-------------------------------------------
     0 | D:1      | Delamore the Gargoyle Fighter began the quest for the Orb.
     0 | D:1      | Reached XP level 1. HP: 14/14 MP: 1/1
   240 | D:1      | Reached XP level 2. HP: 13/19 MP: 2/2
   665 | D:1      | Reached XP level 3. HP: 23/24 MP: 3/3
  1171 | D:2      | Reached XP level 4. HP: 27/29 MP: 4/4
  1435 | D:2      | Found a glowing golden altar of the Shining One.
  1590 | D:2      | Reached skill level 3 in Maces & Flails
  1999 | D:3      | Identified the cursed +0 leather armour "Nutuylots" {rN++
                  | SInv}
  2000 | D:3      | Found a runed translucent gate.
  2000 | D:3      | Noticed mojasp's ghost (amateur OpDe)
  2001 | D:3      | Found a runed translucent gate.
  2002 | D:3      | Found a runed translucent gate.
  2095 | D:3      | Found a stormy altar of Qazlal.
  2095 | D:3      | Found a sacrificial altar of Ru.
  2134 | D:3      | Found a glowing silver altar of Zin.
  2250 | D:3      | Found a snail-covered altar of Cheibriados.
  2516 | D:3      | Found a bloodstained altar of Trog.
  2625 | D:3      | Found a glowing drain.
  2638 | D:3      | Reached XP level 5. HP: 25/34 MP: 5/5
  2646 | Sewer    | Entered a sewer
  3636 | D:3      | Found a roughly hewn altar of Beogh.
  3809 | D:4      | Noticed an ogre
  3816 | D:4      | Killed an ogre
  3817 | D:4      | Reached skill level 5 in Fighting
  3817 | D:4      | Reached skill level 4 in Maces & Flails
  3817 | D:4      | Reached skill level 5 in Shields
  3817 | D:4      | Reached XP level 6. HP: 40/40 MP: 6/6
  3904 | D:4      | Noticed Sigmund
  3915 | D:4      | Killed Sigmund
  3916 | D:4      | Reached skill level 5 in Maces & Flails
  3951 | D:4      | Reached XP level 7. HP: 10/44 MP: 7/7
  4244 | D:4      | Reached skill level 6 in Maces & Flails
  4309 | D:4      | Found a radiant altar of Vehumet.
  4850 | D:5      | Entered Level 5 of the Dungeon
  5107 | D:5      | Reached skill level 7 in Maces & Flails
  5436 | D:5      | Noticed Pikel
  5464 | D:5      | Reached XP level 8. HP: 43/49 MP: 8/8
  5476 | D:5      | Killed Pikel
  5477 | D:5      | Reached skill level 9 in Maces & Flails
  6377 | D:6      | Reached skill level 10 in Maces & Flails
  6469 | D:6      | Found a basalt altar of Yredelemnul.
  6526 | D:6      | Reached XP level 9. HP: 54/54 MP: 9/9
  6692 | D:6      | Reached skill level 1 in Throwing
  6692 | D:6      | Found a staircase to the Ecumenical Temple.
  6711 | Temple   | Entered the Ecumenical Temple
  7038 | D:6      | Found a blossoming altar of Fedhas.
  7194 | D:6      | Noticed Blork the orc
  7219 | D:6      | Killed Blork the orc
  7227 | D:6      | Found a shimmering blue altar of Sif Muna.
  7520 | D:7      | Found a broken altar of Ashenzari.
  8066 | D:7      | Reached skill level 11 in Maces & Flails
  8185 | D:7      | Noticed a hornet
  8196 | D:7      | Killed a hornet
  9082 | D:8      | Reached skill level 5 in Throwing
  9085 | D:8      | Reached XP level 10. HP: 33/59 MP: 10/10
  9676 | D:8      | Reached skill level 12 in Maces & Flails
  9885 | D:8      | Found a white marble altar of Elyvilon.
  9885 | D:8      | Found an iron altar of Okawaru.
  9885 | D:8      | Noticed Erica
  9903 | D:8      | Killed Erica
 10102 | D:8      | Became a worshipper of Warmaster Okawaru
 10373 | D:9      | Found a shimmering altar of Xom.
 10504 | D:9      | Found a hide-covered altar of Uskayaw.
 10616 | D:9      | Noticed Joseph
 10631 | D:9      | Killed Joseph
 10632 | D:9      | Reached skill level 13 in Maces & Flails
 10742 | D:10     | Entered Level 10 of the Dungeon
 10936 | D:10     | Reached * piety under Okawaru
 11187 | D:10     | Found a staircase to the Lair.
 11228 | D:11     | Found Fuahawk's Antique Armour Emporium.
 11292 | D:11     | Found a frozen archway.
 11308 | D:11     | Reached skill level 14 in Maces & Flails
 11308 | D:11     | Reached skill level 1 in Invocations
 11308 | D:11     | Reached XP level 11. HP: 28/64 MP: 11/11
 11485 | IceCv    | Entered an ice cave
 11615 | IceCv    | Reached ** piety under Okawaru
 12081 | IceCv    | Reached *** piety under Okawaru
 12409 | IceCv    | Reached skill level 5 in Invocations
 12797 | IceCv    | Reached **** piety under Okawaru
 13015 | IceCv    | Killed from afar by an ice statue

Illustrated notes

Levels and vault maps discovered:
D:1:      lightli_arrival_windingriver, layout_rooms
D:2:      layout_basic, tso_metal_star, serial_curves, eino_curves_02,
          eino_curves_04, eino_curves_03
D:3:      layout_basic, lemuel_doored_altar, marbit_many_paths,
          gammafunk_temple_overflow_wave, biasface_ghost_orc_armoury,
          portal_sewer_entry_d, amcnicky_altar_gilded
D:4:      layout_loops_ring, lemuel_round_altar, serial_bayou,
          serial_bayou_crossing, serial_bayou_lagoon_a, serial_bayou_pond_a,
          serial_bayou_pond_d, grunt_decor_arrowhead, uniq_sigmund
D:5:      layout_basic, dk_noncrumbling_2, minmay_between, uniq_pikel
D:6:      layout_loops_ring, tgw_sif, kennysheep_little_box,
          minmay_temple_entry_water_ring, basic_altar
D:7:      layout_gridville, evilmike_ruin_ashenzari
D:8:      layout_rooms, amethyst_overflow_temple_binary, uniq_erica
D:9:      layout_roguey, general_overflow_altar, lemuel_round_altar, uniq_joseph
D:10:     layout_cave_pools, grunt_lair_entry_orc_guard_hut
D:11:     layout_grid_maze, portal_ice_cave_rime, serial_shops,
          nicolae_shop_competitors_out_of_business, kennysheep_generic_room_15,
          uniq_sonja
Temple:   compressed_dpeg_triangle_lava_temple
IceCv:    ice_cave_caverns_01

Skill      XL: |  1  2  3  4  5  6  7  8  9 10 11 |
---------------+----------------------------------+-----
Shields        | 4 5 |  5.0
Fighting       | 4 5 8 |  8.9
Maces & Flails | 3 4 5 7 10 11 14 | 14.0
Throwing       | 5 |  5.0
Invocations    | 1 5 |  5.0
Armour         | |  3.2

Action                   |  1- 3 |  4- 6 |  7- 9 | 10-12 || total
-------------------------+-------+-------+-------+-------++-------
Melee: Flail             |   132 |   228 |       |       ||   360
       Whip              |       |    21 |   482 |   598 ||  1101
Throw: Dart              |       |     8 |    42 |    10 ||    60
 Abil: Evoke Flight      |       |       |     1 |       ||     1
  Use: Scroll            |       |     6 |     5 |     5 ||    16
       Potion            |       |       |     4 |     2 ||     6
 Stab: Distracted        |       |       |       |     1 ||     1
Armor: Scale mail        |    95 |   109 |   159 |   151 ||   514
Dodge: Dodged            |    82 |    71 |   100 |    93 ||   346
Block: Kite shield       |    89 |   124 |   192 |   340 ||   745
       Reflection        |       |       |       |     8 ||     8
